 Dungeon Crawl Stone Soup version 0.28.0-43-g3370ac3207 (webtiles) character file.

Game seed: 4468048262759492864

836 croobank the Skirmisher (level 7, -4/64 HPs)
             Began as a Hill Orc Fighter on Mar 15, 2022.
             Was an Initiate of Beogh.
             Slain by a wyvern (9 damage)
             ... on level 5 of the Dungeon.
             The game lasted 00:10:59 (3690 turns).

croobank the Skirmisher (Hill Orc Fighter)          Turns: 3690, Time: 00:11:00

Health: -4/64      AC:  8    Str: 21    XL:     7   Next: 99%
Magic:  7/7        EV: 13    Int:  8    God:    Beogh [......]
Gold:   86         SH:  5    Dex: 10    Spells: 6/6 levels left

rFire   . . .      SeeInvis +   a - +0 war axe (vamp)
rCold   . . .      Faith    .   c - +0 buckler
rNeg    . . .      Spirit   .   b - +0 scale mail
rPois   .          Reflect  .   (no helmet)
rElec   .          Harm     .   s - +0 cloak
rCorr   .          Rampage  .   (no gloves)
Will    .....                   (no boots)
Stlth   ..........              (no amulet)
HPRegen 0.20/turn               f - +4 ring of evasion
MPRegen 0.10/turn               u - ring of see invisible

@: mighty
A: no striking features
a: Renounce Religion


You were on level 5 of the Dungeon.
You worshipped Beogh.
Beogh was noncommittal.
You visited 1 branch of the dungeon, and saw 5 of its levels.

You collected 86 gold pieces.

Inventory:

Hand Weapons
 a - a +0 vampiric war axe (weapon)
 h - a +1 dagger of speed
 q - a +0 falchion
Missiles
 g - 172 stones (quivered)
 k - 10 poisoned darts
 l - 36 arrows
 t - 36 sling bullets
Armour
 b - a +0 scale mail (worn)
 c - a +0 buckler (worn)
 s - a +0 cloak (worn)
Jewellery
 f - a +4 ring of evasion (left hand)
 u - a ring of see invisible (right hand)
Scrolls
 i - a scroll of amnesia
 j - 2 scrolls of noise
Potions
 m - a potion of brilliance {unknown}
 n - a potion of mutation
 p - a potion of magic {unknown}


   Skills:
 + Level 6.3 Fighting
 + Level 6.2 Axes
 + Level 5.8 Armour
 + Level 5.7 Shields


You had 6 spell levels left.
You didn't know any spells.
Your spell library was empty.

Dungeon Overview and Level Annotations

Branches:
Dungeon (5/15)
 Temple: D:4-7

Altars:
Cheibriados
Makhleb
Qazlal
Sif Muna
Trog
Wu Jian

Shops:
D:1 (

Annotations:
D:2 1 runed translucent door, Crazy Yiuf


Message History

You hit the gnoll.
You feel better.
The wyvern bites you but does no damage.
The gnoll hits you with a +0 club. The wyvern bites you.
You slice the wyvern!!
The wyvern is almost dead.
You slash the gnoll!
You kill the gnoll!
Beogh accepts your kill.
The wyvern bites you. x2; The scorpion stings you.
You completely miss the wyvern.
The wyvern is almost dead.
You barely miss the scorpion. The wyvern bites you!
* * * LOW HITPOINT WARNING * * *
The scorpion stings you but does no damage.
You block the wyvern's attack.
You feel much better. The scorpion stings you. The wyvern closely misses you.
You barely miss the wyvern.
The wyvern is almost dead.
You barely miss the scorpion.
The wyvern bites you but does no damage.
The scorpion stings you. The wyvern bites you!
The scorpion stings you but does no damage.
You feel very mighty all of a sudden. You block the wyvern's attack.
You block the scorpion's attack.
You closely miss the wyvern.
The wyvern is almost dead.
You closely miss the scorpion. The wyvern bites you!
* * * LOW HITPOINT WARNING * * *
The scorpion stings you but does no damage.
The wyvern bites you!
* * * LOW HITPOINT WARNING * * *
The scorpion stings you.
* * * LOW HITPOINT WARNING * * *
You block the wyvern's attack. The wyvern bites you.
* * * LOW HITPOINT WARNING * * *
You barely miss the wyvern.
The wyvern is almost dead.
The wyvern bites you!
You die...

,,,,,,,,*,,,,,,* *,,* *,,≈≈≈≈
,******,,,**********,,# *≈,≈≈,,
** **,****,,,,,,,,.#** *,,≈≈,,
********,,,,,,,,#####.,,* *≈,≈≈,,
,,,,,,*******####....,*,***,,≈,,,
*****,* **#....).#,,,,,,≈≈≈≈≈,
*,* **,,,####h#,*,***≈,≈≈≈, *,*
**,,###.ls.#,,,* *,,≈≈,, * *,*
*..##..@#..#,*****,,,≈≈≈ * *,*
##.##....#.##,,,,,,,,≈≈≈≈ * *,*
#..#....##.#,******,≈≈≈≈* *****,*
#.##...##..#,* *,,≈≈,,
*,**,*##.#...##..##,* *,*≈≈*,
***,,,*#..#.###..#**.# **,*≈**,
,*,****#..#.....#* #.# ***,,*≈**,
*,,,,* #.....#### #.# *,,,<****,
****,* #†#####..# #.# *,*,,,***,


You could see a wyvern, a scorpion and a hound.

Vanquished Creatures
  A black bear (D:4)
  An ogre (D:4)
  2 necrophages
  2 phantoms
  A scorpion (D:3)
  A water moccasin zombie (D:5)
  A centaur zombie (D:5)
  A bullfrog skeleton (D:4)
  An iguana (D:5)
  A scorpion zombie (D:5)
  A hound zombie (D:5)
  A gnoll (D:5)
  3 adders (D:2)
  An adder skeleton (D:4)
  An adder zombie (D:5)
  A worm (D:5)
  2 dart slugs
  2 orcs
  7 endoplasms
  2 giant cockroaches
  5 goblins
  7 hobgoblins
  6 kobolds
  3 quokkas
  8 ball pythons
  4 bats
  2 frilled lizards
  4 rats
72 creatures vanquished.

Vanquished Creatures (others)
  4 plants (D:1)
4 creatures vanquished.

Grand Total: 76 creatures vanquished

Notes
Turn   | Place    | Note
-------+----------+-------------------------------------------
     0 | D:1      | croobank the Hill Orc Fighter began the quest for the Orb.
     0 | D:1      | Reached XP level 1. HP: 19/19 MP: 1/1
    48 | D:1      | Found a faded altar of an unknown god.
   184 | D:1      | Reached XP level 2. HP: 27/27 MP: 2/2
   505 | D:1      | Reached XP level 3. HP: 29/33 MP: 3/3
   570 | D:1      | Found Kief's Antique Weapon Emporium.
  1042 | D:2      | Found a snail-covered altar of Cheibriados.
  1119 | D:2      | Reached XP level 4. HP: 14/40 MP: 4/4
  1510 | D:2      | Found a runed translucent door.
  1511 | D:2      | Noticed Crazy Yiuf
  1707 | D:3      | Noticed a scorpion
  1716 | D:3      | Killed a scorpion
  1717 | D:3      | Reached XP level 5. HP: 34/47 MP: 5/5
  1898 | D:3      | Found a burning altar of Makhleb.
  2071 | D:3      | Became a worshipper of Beogh the Brigand
  2190 | D:3      | Found an ornate altar of the Wu Jian Council.
  2507 | D:4      | Noticed a necrophage
  2507 | D:4      | Found a bloodstained altar of Trog.
  2512 | D:4      | Killed a necrophage
  2513 | D:4      | Reached skill level 5 in Fighting
  2513 | D:4      | Reached XP level 6. HP: 56/56 MP: 6/6
  2573 | D:4      | Found a stormy altar of Qazlal.
  2780 | D:4      | Noticed a black bear
  2791 | D:4      | Killed a black bear
  2792 | D:4      | Reached skill level 5 in Axes
  2792 | D:4      | Reached skill level 5 in Armour
  2792 | D:4      | Reached skill level 5 in Shields
  2985 | D:4      | Found a shimmering blue altar of Sif Muna.
  3052 | D:4      | Reached XP level 7. HP: 30/62 MP: 7/7
  3337 | D:5      | Entered Level 5 of the Dungeon
  3674 | D:5      | Noticed a wyvern
  3690 | D:5      | Slain by a wyvern

Illustrated notes

Levels and vault maps discovered:
D:1:      dpeg_arrival_rooms_c, layout_rooms, serial_shops, nicolae_shop_stone,
          shapermc_ecumenical_altar_mp_ritualfount, kennysheep_doodads
D:2:      layout_basic, basic_altar, minmay_surrounded, uniq_crazy_yiuf_cottage
D:3:      layout_loops_ring, lightli_temple_of_fire, nzn_wu_jian_contemplation
D:4:      layout_basic, general_overflow_altar,
          mainiacjoe_overflow_large_starburst
D:5:      minmay_evil_eye, layout_loops_ring, nicolae_vehumet_radiance,
          mainiacjoe_overflow_alcove_4, ebering_ghost_rock_garden,
          serial_rivers, chequers_serial_rivers_small_b,
          chequers_serial_rivers_small_3, chequers_serial_rivers_large_a,
          chequers_serial_rivers_micro_a

Skill      XL: |  1  2  3  4  5  6  7 |
---------------+----------------------+-----
Axes           | 3 4 5 6 |  6.2
Fighting       | 4 5 6 |  6.3
Armour         | 4 5 |  5.8
Shields        | 4 5 |  5.7

Action                   |  1- 3 |  4- 6 |  7- 9 || total
-------------------------+-------+-------+-------++-------
Melee: War axe           |   100 |   122 |    88 ||   310
Invok: Convert to Beogh  |       |     1 |       ||     1
  Use: Scroll            |       |     3 |     4 ||     7
       Potion            |       |       |     2 ||     2
Armor: Scale mail        |    42 |    47 |    33 ||   122
Dodge: Dodged            |    71 |    83 |    41 ||   195
Block: Buckler           |    19 |    23 |    21 ||    63
